 Dungeon Crawl Stone Soup version 0.30-a0-782-ge64f9170bb (webtiles) character file.

Game seed: 17043141624733629547

4522 112233 the Thaumaturge (level 10, -7/66 HPs)
             Began as an Octopode Earth Elementalist on Feb 25, 2023.
             Was a Follower of Vehumet.
             Mangled by a killer bee (9 damage)
             ... on level 9 of the Dungeon.
             The game lasted 00:09:56 (11063 turns).

112233 the Thaumaturge (OpEE)                      Turns: 11063, Time: 00:09:57

Health: -7/66      AC:  1    Str:  8 (9)  XL:     10   Next: 39%
Magic:  20/24      EV: 14    Int: 23 (25) God:    Vehumet [*.....]
Gold:   355        SH:  0    Dex: 11 (12) Spells: 23/29 levels left

rFire   . . .      SeeInvis .    n - +7 whip of the Reasonable God {freeze, *Noise rElec rC++ Int+4}
rCold   + + .      Faith    .    (no shield)
rNeg    . . .      Spirit   .    (helmet restricted)
rPois   .          Reflect  .    (no amulet)
rElec   +          Harm     .    (no ring)
rCorr   .          Rampage  .    (no ring)
Will    .....                    (no ring)
Stlth   +++                      (no ring)
HPRegen 0.31/turn                (no ring)
MPRegen 0.19/turn                (no ring)
                                 (no ring)
                                 (no ring)

@: no status effects
A: almost no armour, amphibious, 8 rings, camouflage 1, gelatinous body 1,
(nimble swimmer 1), tentacles
a: Renounce Religion


You were on level 9 of the Dungeon.
You worshipped Vehumet.
Vehumet was aware of your devotion.
You visited 2 branches of the dungeon, and saw 10 of its levels.

You collected 355 gold pieces.

Inventory:

Hand Weapons
 b - a +0 spear
 n - the +7 whip of the Reasonable God (weapon) {freeze, *Noise rElec rC++ Int+4}
   (You found it on level 3 of the Dungeon)

   Int:       It affects your intelligence (+4).
   rC:        It greatly protects you from cold.
   rElec:     It insulates you from electricity.
   *Noise:    It may make noises in combat.
Missiles
 d - a throwing net
Jewellery
 v - an amulet of faith
 F - a ring of magical power
Wands
 q - a wand of flame (38)
Scrolls
 e - 6 scrolls of noise
 i - 4 scrolls of enchant weapon
 k - 3 scrolls of teleportation
 l - 2 scrolls of enchant armour
 s - a scroll of poison
 t - 3 scrolls of immolation
 y - a scroll of silence {unknown}
 z - 2 scrolls of magic mapping {unknown}
 B - a scroll of acquirement {unknown}
 C - a scroll of fog {unknown}
 D - 2 scrolls of identify
 G - 3 scrolls of vulnerability {unknown}
Potions
 a - 2 potions of magic
 c - 2 potions of flight
 f - a potion of degeneration
 j - a potion of cancellation {unknown}
 m - 2 potions of berserk rage {unknown}
 o - a potion of mutation {unknown}
 p - a potion of brilliance {unknown}
 w - 2 potions of lignification {unknown}
 x - 2 potions of attraction {unknown}
 A - 2 potions of heal wounds {unknown}
 E - 2 potions of ambrosia {unknown}


   Skills:
 + Level 5.0 Fighting
 + Level 5.6 Dodging
 - Level 3.0 Stealth
 * Level 10.3 Spellcasting
 + Level 2.9 Conjurations
 - Level 1.2 Transmutations
 - Level 6.5 Earth Magic


You had 23 spell levels left.
You knew the following spells:

 Your Spells              Type           Power      Damage    Failure   Level
a - Sandblast             Erth           82%        2d17      1%          1
b - Stone Arrow           Conj/Erth      66%        3d11      2%          3
c - Passwall              Tmut/Erth      24%        N/A       1%          2

Your spell library contained the following spells:

 Spells                   Type           Power      Damage    Failure   Level
 Magic Dart               Conj           100%       1d8       1%          1
 Wereblood                Tmut           17%        N/A       4%          2
 Necrotise                Necr           44%        1d6       5%          1
 Sublimation of Blood     Necr           11%        N/A       9%          2
 Petrify                  Tmut/Erth      29%        N/A       11%         4
 Ignite Poison            Fire/Tmut/Pois 13%        N/A       14%         3
 Inner Flame              Hex/Fire       11%        N/A       16%         3
 Vampiric Draining        Necr           11%        2d6       16%         3
 Flame Wave               Conj/Fire      18%        2d7       30%         4
 Sticky Flame             Conj/Fire      18%        2d4       30%         4
 Ice Form                 Ice/Tmut       14%        N/A       38%         4
 Alistair's Intoxication  Tmut/Pois      9%         N/A       75%         5
 Yara's Violent Unravell  Hex/Tmut       7%         3d5       75%         5
 Agony                    Necr           11%        N/A       83%         5
 Summon Hydra             Summ           5%         N/A       100%        7


Dungeon Overview and Level Annotations

Branches:
Dungeon (9/15)             Temple (1/1) D:5
   Lair: D:8-11         Orc: D:9-12

Altars:
Cheibriados
Dithmenos
Elyvilon
Fedhas
Hepliaklqana
Kikubaaqudgha
Makhleb
Nemelex Xobeh
Okawaru
Qazlal
Ru
Trog
Vehumet
Wu Jian
Xom
Yredelemnul
The Shining One

Shops:
D:5 [   D:7 *   D:8 =

Portals:
Abyss: D:6

Annotations:
D:4 3 runed translucent doors, exclusion: downstairs, BRD's ghost, amateur BaRe
D:6 1 runed translucent door, 2 transporters, Crazy Yiuf; P0WERM0DE's ghost, novice OpCj
D:7 exclusions: downstairs and upstairs
D:8 Gastronok


Innate Abilities, Weirdness & Mutations

You cannot wear most types of armour.
You are amphibious.
You can wear up to eight rings at the same time.
Your skin changes colour to match your surroundings (Stealth+).
Your rubbery body absorbs attacks. (AC +1, EV +1)
((You are camouflaged when in or above water. (Stealth+)))
You have tentacles for arms and can constrict up to eight enemies at once.


Message History

The killer bee stings your gnoll sergeant.
The killer bee stings your gnoll!
Your gnoll barely misses the killer bee.
Your gnoll sergeant misses the killer bee.
Your gnoll hits the yak with a +0 spear!
Something gores your wight!
Your wight is destroyed!
Your wight dissolves into shadows!
Your gnoll barely misses the yak.
The yak gores your gnoll!
Your gnoll dies!
Your gnoll's corpse dissolves into shadows!
Your gnoll barely misses the killer bee.
Your yak closely misses the killer bee.
Your gnoll hits the yak with a +0 whip.
Your yak gores the yak!
The killer bee stings your gnoll sergeant!
The killer bee stings your gnoll!
Your gnoll dies!
Your gnoll's corpse dissolves into shadows!
The yak barely misses your gnoll.
The killer bee stings your gnoll sergeant but does no damage.
Your gnoll sergeant hits the killer bee with a +0 spear.
Something closely misses your gnoll. The yak gores your wight.
Your wight completely misses the killer bee.
Your gnoll hits the yak with a +0 whip.
Your wight closely misses the yak.
Your yak gores the yak!
The yak dies!
Vehumet accepts your kill.
You feel your dexterity returning.
Your Fighting skill increases to level 5!
Unknown command.
Your gnoll sergeant blocks the killer bee's attack.
The killer bee stings you.
* * * LOW HITPOINT WARNING * * *
The yak gores your gnoll!
Your gnoll hits the yak with a +0 halberd.
Your gnoll hits the killer bee from afar with a +0 spear.
Your gnoll's attack snaps the killer bee out of its fear.
The killer bee stings your gnoll sergeant.
The killer bee stings you!
You die...

##.##
#######Y#.#######
..o....###.Y....#
##......#.<.....#
#.#####.##.##.Y..
oo #.#...##Y##
....>YY†Yg#
##<#..g##zg#######
.....Yg.@ygy....
....###.z#Y######
.. .....gg... .#
###...Y..# .#
.#.#.#.##.#
.##........# #
#.#.#.#### .......
#.


You could see 4 yaks, 2 killer bees, 3 friendly yaks, a friendly gnoll sergeant
(summoned, swift), a friendly gnoll bouda (summoned), 2 friendly wights and 5
friendly gnolls.

Vanquished Creatures
  A wyvern (D:8)
  A vampire (D:5)
  3 yaks (D:7)
  A steam dragon (D:7)
  Edmund (D:6)
  2 water moccasins
  3 orc warriors (D:8)
  An ice beast (D:7)
  A sky beast (D:7)
  2 black bears
  An ogre (D:7)
  A phantom (D:5)
  2 kobold brigands
  3 necrophages
  8 bullfrogs
  3 scorpions
  5 wights
  3 howler monkeys
  4 hounds
  3 orc priests
  Jessica (D:2)
  2 iguanas
  11 orc wizards
  2 gnolls (D:9)
  11 adders
  A white imp (D:5)
  An ufetubus (D:5)
  A worm (D:2)
  6 dart slugs
  28 orcs
  6 endoplasms
  4 giant cockroaches
  5 hobgoblins
  12 kobolds
  4 quokkas
  6 ball pythons
  4 bats
  A frilled lizard (D:1)
  5 goblins
  5 rats
165 creatures vanquished.

Vanquished Creatures (collateral kills)
  A wyvern (D:9)
  A yak (D:9)
  A killer bee (D:9)
3 creatures vanquished.

Vanquished Creatures (others)
  10 fungi
  8 plants
18 creatures vanquished.

Grand Total: 186 creatures vanquished

Notes
Turn   | Place    | Note
-------+----------+-------------------------------------------
     0 | D:1      | 112233 the Octopode Earth Elementalist began the quest for
                  | the Orb.
     0 | D:1      | Reached XP level 1. HP: 11/11 MP: 3/3
   251 | D:1      | Reached XP level 2. HP: 12/17 MP: 5/5
   282 | D:1      | Learned a level 2 spell: Passwall
   373 | D:1      | Found a faded altar of an unknown god.
   989 | D:2      | Reached XP level 3. HP: 21/21 MP: 4/7
  1053 | D:2      | Noticed Jessica
  1057 | D:2      | Killed Jessica
  1058 | D:2      | Reached skill level 3 in Spellcasting
  1058 | D:2      | Reached XP level 4. HP: 27/27 MP: 6/9
  1108 | D:2      | Learned a level 3 spell: Stone Arrow
  1781 | D:2      | Reached skill level 4 in Spellcasting
  1865 | D:3      | Identified the +7 whip of the Reasonable God {freeze,
                  | *Noise rElec rC++ Int+4}
  2228 | D:3      | Reached XP level 5. HP: 27/31 MP: 6/11
  2825 | D:4      | Reached skill level 5 in Spellcasting
  3018 | D:4      | Found a runed translucent gate.
  3019 | D:4      | Found a runed translucent gate.
  3020 | D:4      | Found a runed translucent gate.
  3022 | D:4      | Noticed BRD's ghost (amateur BaRe)
  3030 | D:4      | Noticed a kobold brigand
  3067 | D:4      | Reached XP level 6. HP: 36/36 MP: 11/13
  3267 | D:5      | Entered Level 5 of the Dungeon
  3267 | D:5      | Found Ileani's Antique Armour Shop.
  3648 | D:5      | Noticed a black bear
  3659 | D:6      | Reached skill level 6 in Spellcasting
  3814 | D:6      | Reached XP level 7. HP: 41/41 MP: 12/16
  3838 | D:6      | Reached skill level 7 in Spellcasting
  3838 | D:6      | Noticed Edmund
  4280 | D:7      | Found Wuvyosei's Elemental Accessories.
  4325 | D:7      | Reached skill level 8 in Spellcasting
  4476 | D:7      | Reached XP level 8. HP: 37/46 MP: 15/20
  4735 | D:7      | Reached skill level 1 in Fighting
  4920 | D:7      | Got the Catalogue of Transfiguration
  5334 | D:6      | Found a runed translucent door.
  5335 | D:6      | Noticed Crazy Yiuf
  5373 | D:6      | Found a one-way gate to the infinite horrors of the Abyss.
  5412 | D:6      | Noticed P0WERM0DE's ghost (novice OpCj)
  5413 | D:6      | Noticed a worldbinder
  5458 | D:6      | Found a transporter.
  5538 | D:6      | Found a transporter.
  5567 | D:6      | Killed Edmund
  5568 | D:6      | Reached skill level 9 in Spellcasting
  5689 | D:6      | Reached skill level 5 in Earth Magic
  5689 | D:6      | Reached XP level 9. HP: 54/55 MP: 14/22
  6579 | D:5      | You fall into a shaft and drop 1 floor!
  7043 | D:5      | Found a radiant altar of Vehumet.
  7463 | D:5      | Found a staircase to the Ecumenical Temple.
  7500 | Temple   | Entered the Ecumenical Temple
  8234 | D:5      | Became a worshipper of Vehumet
  8696 | D:8      | Noticed Gastronok
  9082 | D:8      | Reached skill level 1 in Conjurations
  9878 | D:8      | Reached skill level 5 in Dodging
  9878 | D:8      | Reached XP level 10. HP: 60/65 MP: 13/23
 10211 | D:8      | Found Ryoperph's Jewellery Shoppe.
 10222 | D:8      | Reached skill level 10 in Spellcasting
 10527 | D:7      | Reached * piety under Vehumet
 10527 | D:7      | Offered knowledge of Magic Dart by Vehumet.
 10762 | D:8      | Found an iron altar of Okawaru.
 11047 | D:9      | HP: 3/65 [killer bee (5)]
 11058 | D:9      | HP: 3/65 [poisoned by a killer bee]
 11063 | D:9      | Reached skill level 5 in Fighting
 11063 | D:9      | HP: 2/66 [killer bee (2)]
 11063 | D:9      | Mangled by a killer bee

Illustrated notes

Levels and vault maps discovered:
D:1:      wander_arrival_peaceful_grave, layout_basic,
          hellmonk_ecumenical_altar_slurped_away
D:2:      minmay_wonky_spiral, layout_basic, serial_rivers,
          chequers_serial_rivers_large_a, chequers_serial_rivers_room_b,
          chequers_serial_rivers_micro_e, chequers_serial_rivers_small_3,
          st_stairs_13, uniq_jessica
D:3:      layout_basic
D:4:      layout_gridville, gammafunk_ghost_nasty_kobolds,
          hangedman_abyss_or_decor_lesser_grid
D:5:      layout_layer_cave, vehumet_altar_wand_db, minmay_temple_entry_ruins,
          serial_shops, nicolae_shop_competitors_out_of_business
D:6:      layout_cave_pools, gammafunk_ghost_abyssal_escape, uniq_edmund,
          uniq_crazy_yiuf_cottage
D:7:      layout_loops_corners, enter_bailey_2, nicolae_elemental_shop
D:8:      layout_rooms, mainiacjoe_overflow_tiny_flanked, serial_shops,
          nicolae_square_shop, uniq_psyche, uniq_gastronok
D:9:      old_forge, layout_loops_ring, grunt_lair_entry_orc_guard_hut,
          minmay_orc_entry_temple_small
Temple:   nicolae_temple_no_exploring_needed

Skill      XL: |  1  2  3  4  5  6  7  8  9 10 |
---------------+-------------------------------+-----
Stealth        | 3 |  3.0
Spellcasting   | 3 4 5 6 8 9 10 | 10.3
Fighting       | 2 4 5 |  5.0
Earth Magic    | 5 6 |  6.5
Dodging        | 3 5 |  5.6
Conjurations   | 1 2 |  2.9
Transmutations | |  1.2

Action                     |  1- 3 |  4- 6 |  7- 9 | 10-12 || total
---------------------------+-------+-------+-------+-------++-------
  Melee: Spear             |    15 |     2 |       |       ||    17
         Tentacles         |     4 |     3 |       |     1 ||     8
         Constrict         |     2 |     3 |     1 |     1 ||     7
         Whip              |       |    17 |     9 |     4 ||    30
   Cast: Sandblast         |    15 |    66 |    96 |     3 ||   180
         Stone Arrow       |       |       |    99 |    31 ||   130
    Use: Potion            |       |     2 |     2 |     4 ||     8
         Scroll            |       |       |     8 |     6 ||    14
   Stab: Sleeping          |     5 |       |       |       ||     5
         Distracted        |       |     1 |       |       ||     1
 Armour: Skin              |     1 |     5 |     7 |     2 ||    15
  Dodge: Dodged            |     2 |    29 |    75 |    36 ||   142

Table legend: (Time is in decaauts)
 A = Elapsed time spent in this place.
 B = Non-inter-level travel time spent in this place.
 C = Inter-level travel time spent in this place.
 D = Time resting spent in this place.
 E = Time spent auto-exploring this place.
 F = Levels seen in this place.
 G = Mean time per level.
                   A        B        C        D        E       F      G
               +--------+--------+--------+--------+--------+-----+--------+
         Total |  11190 |  10464 |    726 |   2532 |   6722 |  10 | 1119.0 |
       Dungeon |  11188 |  10463 |    725 |   2532 |   6722 |   9 | 1243.1 |
        Temple |      1 |      1 |      0 |      0 |      0 |   1 |    1.0 |
               +--------+--------+--------+--------+--------+-----+--------+

Top non-repeatable levels by time:
     D:7: 3346 daAuts
     D:5: 1876 daAuts
     D:4: 1390 daAuts
     D:6: 1101 daAuts
     D:2: 1067 daAuts
     D:1: 846 daAuts
     D:3: 763 daAuts
     D:8: 762 daAuts
     D:9: 33 daAuts
  Temple: 1 daAuts
